 Dungeon Crawl Stone Soup version 0.28-a0-439-g4cf4cd4993 (webtiles) character file.

Game seed: 1096816356699323971

123 Astera the Sneak (level 5, 0/40 HPs)
             Began as a Formicid Brigand on Sept 11, 2021.
             Slain by a scorpion (7 damage)
             ... on level 3 of the Dungeon.
             The game lasted 00:15:44 (4335 turns).

Astera the Sneak (Formicid Brigand)                 Turns: 4335, Time: 00:15:44

Health: 0/40       AC:  3    Str: 16    XL:     5   Next: 28%
Magic:  5/5        EV: 12    Int: 16    God:
Gold:   116        SH:  0    Dex: 13    Spells: 4/4 levels left

rFire   . . .      SeeInvis +   a - +2 dagger
rCold   . . .      Faith    .   (no shield)
rNeg    . . .      Spirit   .   b - +0 robe
rPois   .          Reflect  .   (helmet unavailable)
rElec   .          Harm     .   c - +0 cloak
rCorr   .          Rampage  .   (no gloves)
Will    .....                   (no boots)
Stlth   +++.......              n - amulet of the acrobat
HPRegen 0.13/turn               f - +6 ring of intelligence
MPRegen 0.09/turn               (no ring)

@: no status effects
A: permanent stasis, dig shafts and tunnels, antennae 3, four strong arms
a: Dig, Shaft Self


You were on level 3 of the Dungeon.
You visited 1 branch of the dungeon, and saw 4 of its levels.

You collected 116 gold pieces.

Inventory:

Hand Weapons
 a - a +2 dagger (weapon)
Missiles
 d - 8 poisoned darts (quivered)
 e - 2 curare-tipped darts
Armour
 b - a +0 robe (worn)
 c - a +0 cloak (worn)
Jewellery
 f - a +6 ring of intelligence (left hand)
 n - an amulet of the acrobat (around neck)
Scrolls
 g - a scroll of teleportation {unknown}
 h - 2 scrolls of identify {unknown}
 i - a scroll of vulnerability {unknown}
 j - a scroll of holy word {unknown}
 l - a scroll of magic mapping {unknown}
 m - a scroll of enchant weapon {unknown}
Potions
 k - a potion of ambrosia {unknown}
 o - a potion of attraction {unknown}


   Skills:
 + Level 2.9 Fighting
 + Level 2.5 Short Blades
 - Level 2.2 Throwing
 + Level 1.5 Dodging
 + Level 6.4 Stealth
 + Level 1.2 Shields


You had 4 spell levels left.
You didn't know any spells.
Your spell library was empty.

Dungeon Overview and Level Annotations

Branches:
Dungeon (4/15)
 Temple: D:4-7

Altars:
Ru

Shops:
D:3 !

Annotations:
D:2 1 runed translucent door, exclusion: 9 sensed monsters (detected), Crazy Yiuf, Sigmund


Innate Abilities, Weirdness & Mutations

You cannot be hasted, slowed, berserked, paralysed or teleported.
You can dig through walls and to a lower floor.
You have a pair of large antennae on your head. (SInv)
Your four strong arms can wield two-handed weapons with a shield.


Message History

You are more poisoned.
The scorpion poisons you!
You hit the scorpion.
The scorpion is heavily wounded.
You feel very sick. The scorpion barely misses you.
You barely miss the scorpion.
The scorpion is heavily wounded.
You feel very sick. The scorpion barely misses you.
You feel very sick.
You feel sick.
You feel sick. The scorpion misses you.
There is a stone staircase leading up here.
You feel sick. The scorpion barely misses you.
You climb upwards.
You feel sick.
There is a stone staircase leading down here.
You feel sick.
You hit the scorpion but do no damage.
The scorpion is heavily wounded.
You feel sick. The scorpion stings you.
* * * LOW HITPOINT WARNING * * *
You hit the scorpion but do no damage.
The scorpion is heavily wounded.
You feel sick.
The scorpion stings you but does no damage.
You hit the scorpion.
The scorpion is severely wounded.
You feel sick.
You are no longer poisoned.
The scorpion stings you.
* * * LOW HITPOINT WARNING * * *
You hit the scorpion.
The scorpion is almost dead.
The scorpion barely misses you.
Okay, then.
You hit the scorpion.
The scorpion is almost dead.
The scorpion stings you!
You die...

#....####...<.# #...............
#.....##..#######...............
#...#..#.#####..................
#...##......(..##...............
#...###....#.####.......(.......
###.# #..###....................
## #.# #### #####....#...........
.# #.# #.>.###...........## .#
#.### #.s@##....#...###.## .#
#...# #...##..............
.#####.#######...>..##.....###.#.
....................#..........#.
..##.....#####....###......##..>.
.........# #....##.......#....>
.###.....#####...............#.##
.# #.............####......##..#
## #......###.##.# ####....#.##


You could see a scorpion.

Vanquished Creatures
  Terence (D:2)
  Robin (D:3)
  An adder (D:3)
  A worm (D:2)
  A dart slug (D:2)
  2 orcs
  5 ball pythons
  5 endoplasms
  2 giant cockroaches (D:1)
  9 goblins
  12 hobgoblins
  10 jackals
  2 quokkas (D:1)
  3 bats
  2 frilled lizards
  4 rats
61 creatures vanquished.

Notes
Turn   | Place    | Note
-------+----------+-------------------------------------------
     0 | D:1      | Astera the Formicid Brigand began the quest for the Orb.
     0 | D:1      | Reached XP level 1. HP: 16/16 MP: 1/1
    84 | D:1      | Reached skill level 5 in Stealth
   172 | D:1      | Reached XP level 2. HP: 22/22 MP: 2/2
   701 | D:1      | Reached skill level 1 in Dodging
   824 | D:1      | Reached XP level 3. HP: 27/27 MP: 3/3
  1208 | D:2      | Found a faded altar of an unknown god.
  1243 | D:2      | Noticed Terence
  1245 | D:2      | Killed Terence
  1246 | D:2      | Reached skill level 6 in Stealth
  1246 | D:2      | Reached XP level 4. HP: 34/34 MP: 4/4
  1270 | D:2      | Found a sacrificial altar of Ru.
  1628 | D:2      | Found a runed translucent door.
  1629 | D:2      | Noticed Crazy Yiuf
  1699 | D:2      | Noticed Sigmund
  1970 | D:3      | Noticed Robin
  2709 | D:3      | Found Ahe Daodwi's Distillery.
  2822 | D:3      | Reached skill level 1 in Shields
  2842 | D:2      | Reached XP level 5. HP: 24/39 MP: 5/5
  3603 | D:3      | Killed Robin
  4086 | D:3      | Found Ahe Daodwi's Distillery.
  4335 | D:3      | Slain by a scorpion

Illustrated notes

Levels and vault maps discovered:
D:1:      dpeg_arrival_simpleton_b, layout_basic, minmay_misc_feat_four_crosses
D:2:      cheibrodos_greedy_goblins, layout_loops_corners,
          ebering_ecumenical_altar_box, basic_altar, uniq_sigmund,
          uniq_crazy_yiuf_cottage, uniq_terence
D:3:      layout_rooms, serial_shops, nicolae_shop_trees, uniq_robin
D:4:      layout_loops_cross, nicolae_sif_muna_condensation,
          mainiacjoe_overflow_six_doors_small, tso_metal_star,
          minmay_temple_entry_offerings, kennysheep_path_1, uniq_menkaure

Skill      XL: |  1  2  3  4 |
---------------+-------------+-----
Stealth        | 5 6 |  6.4
Dodging        | 1 |  1.5
Shields        | 1 |  1.2
Fighting       | |  2.9
Short Blades   | |  2.5
Throwing       | |  2.2

Action                   |  1- 3 |  4- 6 || total
-------------------------+-------+-------++-------
Melee: Dagger            |    46 |   220 ||   266
  Use: Potion            |       |     1 ||     1
 Stab: Sleeping          |     7 |     7 ||    14
Armor: Robe              |    10 |    54 ||    64
Dodge: Dodged            |    19 |   164 ||   183

Table legend: (Time is in decaauts)
 A = Elapsed time spent in this place.
 B = Non-inter-level travel time spent in this place.
 C = Inter-level travel time spent in this place.
 D = Time resting spent in this place.
 E = Time spent auto-exploring this place.
 F = Levels seen in this place.
 G = Mean time per level.
                   A        B        C        D        E       F      G
               +--------+--------+--------+--------+--------+-----+--------+
         Total |   4319 |   4143 |    176 |    945 |   1719 |   4 | 1079.8 |
       Dungeon |   4319 |   4143 |    176 |    945 |   1719 |   4 | 1079.8 |
               +--------+--------+--------+--------+--------+-----+--------+

Top non-repeatable levels by time:
     D:2: 1603 daAuts
     D:3: 1429 daAuts
     D:1: 1148 daAuts
     D:4: 138 daAuts
